 Dungeon Crawl Stone Soup version 0.15-a0-1619-g29500c9 (webtiles) character file.

312 PolkaDot the Vexing (level 6, -8/41 HPs)
             Began as a Vampire Enchanter on June 20, 2014.
             Mangled by a gnoll
             ... wielding a +0 flail
              (10 damage)
             ... on Level 3 of the Dungeon.
             The game lasted 00:14:34 (3982 turns).

PolkaDot the Vexing (Vampire Enchanter)             Turns: 3982, Time: 00:14:34

HP  -8/41        AC  7     Str  7      XL: 6   Next: 18%
MP   2/10        EV 12     Int 19      God:
Gold 184         SH  0     Dex 14      Spells:  3 memorised,  2 levels left

rFire  . . .     SeeInvis +     a - +1 dagger
rCold  + + .     Clarity  .     b - +1 robe
rNeg   + + +     rCorr    .     (no shield)
rPois  +         rRot     +     (no helmet)
rElec  .         Spirit   .     (no cloak)
SustAb .         Warding  .     g - +0 pair of gloves
rMut   +         Stasis   .     t - +2 pair of boots
Gourm  .                        r - amulet of resist mutation
MR     .....                    (no ring)
                                (no ring)

@: very slightly contaminated, bloodless, non-regenerating, not resistant to
hostile enchantments, stealthy
A: bottle blood, fangs 3, see invisible, unbreathing
a: Bat Form, Bottle Blood


You were on level 3 of the Dungeon.
You were bloodless.

You visited 1 branch of the dungeon, and saw 3 of its levels.

You collected 184 gold pieces.

Inventory:

Hand weapons
 a - a +1 dagger (weapon)
 w - a +0 short sword of draining
Armour
 b - a +1 robe (worn)
 g - a +0 pair of gloves (worn)
 t - a +2 pair of boots (worn)
Magical devices
 s - a wand of random effects (3)
 u - a wand of teleportation (2)
Scrolls
 h - 3 scrolls of fear
 l - a scroll of teleportation
 m - 3 scrolls of remove curse {unknown}
 n - a scroll of blinking {unknown}
 o - a scroll of enchant weapon {unknown}
 q - a scroll of magic mapping {unknown}
Jewellery
 r - an amulet of resist mutation (around neck)
Potions
 f - a potion of brilliance
Books
 c - a book of Maledictions

   Spells                             Type                      Level
   *Corona                            Hexes                        1
   Sure Blade                         Hexes/Charms                 2
   *Ensorcelled Hibernation           Hexes/Ice                    2
   Confuse                            Hexes                        3
   Dazzling Spray                     Conjuration/Hexes            3
   *Enslavement                       Hexes                        4
 v - a book of the Warp

   Spells                             Type                      Level
   Control Teleport                   Charms/Translocation         4
   Phase Shift                        Translocation                5
   Warp Weapon                        Charms/Translocation         5
   Dispersal                          Translocation                6
   Controlled Blink                   Translocation                7
   Disjunction                        Translocation                8


   Skills:
 - Level 3.1 Short Blades
 - Level 2.1 Dodging
 + Level 6.5 Stealth
 - Level 2.0 Spellcasting
 * Level 7.7 Hexes
 - Level 1.2 Ice Magic


You had 2 spell levels left.
You knew the following spells:

 Your Spells              Type           Power        Failure   Level  Hunger
a - Corona                Hex            ####...      1%          1    #......
d - Ensorcelled Hibernat  Hex/Ice        ###...       6%          2    ##.....
e - Enslavement           Hex            ####....     10%         4    #####..


Dungeon Overview and Level Annotations

Branches:
Dungeon (3/15)

Altars:
Sif Muna
Zin

Annotations:
D:3 3 exclusions


Innate Abilities, Weirdness & Mutations

You do not heal naturally.
You can bottle blood from corpses.
You have razor-sharp teeth.*
You have supernaturally acute eyesight.
You can survive without breathing.*


Message History

The gnoll hits you with a flail.
* * * LOW HITPOINT WARNING * * *
Casting: Ensorcelled Hibernation
Confirm with . or Enter, or press ? or * to list all spells.
Aiming: Ensorcelled Hibernation
Press: ? - help, Shift-Dir - straight line, f/p - gnoll
Aim: a gnoll, wielding a flail (fast)
The gnoll resists with significant effort.
* * * LOW MAGIC WARNING * * *
The gnoll hits you with a flail.
* * * LOW HITPOINT WARNING * * *
Casting: Ensorcelled Hibernation
Confirm with . or Enter, or press ? or * to list all spells.
Aiming: Ensorcelled Hibernation
Press: ? - help, Shift-Dir - straight line, f/p - gnoll
Aim: a gnoll, wielding a flail (fast)
The gnoll resists with significant effort.
* * * LOW MAGIC WARNING * * *
The gnoll hits you with a flail!
You die...

##.###..# ##+###.## #.###
#.###.## #.# #.# #.# #
#.##..# #.###.# #.### #.##.##
##.##..# #.... ########.#..##
##...#.## ##.##
.............####..[...# #.#
####.###.###...........# #.#
#.# #.....#####g.##.#######.#
#.######.....@g.............#
#.........#####..##.#########
########### #.>...#
##.######## #.#......#
#.#.####.# #.#.# #%#
#.#.####.####
######g#.##......#


You could see a gnoll shaman and a gnoll.

Vanquished Creatures
  A gnoll shaman (D:3)
  An iguana (D:3)
  An orc priest (D:3)
  Natasha (thrice) (D:3)
  A worker ant (D:3)
  9 gnolls (D:3)
  2 adders
  A worm (D:2)
  9 orcs (D:3)
  4 bats
  9 goblins
  11 hobgoblins
  8 jackals
  A quokka (D:3)
  A ball python (D:3)
  A giant cockroach (D:2)
  7 giant newts
  6 kobolds
  10 rats
86 creatures vanquished.

Vanquished Creatures (collateral kills)
  A gnoll (D:3)
1 creature vanquished.

Grand Total: 87 creatures vanquished

Notes
Turn   | Place    | Note
--------------------------------------------------------------
     0 | D:1      | PolkaDot, the Vampire Enchanter, began the quest for the Orb.
     0 | D:1      | Reached XP level 1. HP: 13/13 MP: 3/3
   493 | D:1      | Reached XP level 2. HP: 2/19 MP: 4/4
  1485 | D:1      | Learned a level 2 spell: Ensorcelled Hibernation
  1488 | D:2      | Reached XP level 3. HP: 24/24 MP: 3/6
  1715 | D:2      | Reached skill level 1 in Ice Magic
  2316 | D:3      | Noticed Natasha
  2318 | D:3      | Killed Natasha
  2318 | D:3      | Reached skill level 5 in Stealth
  2318 | D:3      | Reached skill level 5 in Hexes
  2318 | D:3      | Reached XP level 4. HP: 30/30 MP: 7/7
  2386 | D:3      | Noticed Natasha
  2391 | D:3      | Killed Natasha
  2770 | D:3      | Noticed Natasha
  2775 | D:3      | Killed Natasha
  2807 | D:3      | Reached XP level 5. HP: 33/35 MP: 9/9
  2835 | D:3      | Reached skill level 6 in Hexes
  2853 | D:3      | Found a deep blue altar of Sif Muna.
  2961 | D:3      | Learned a level 4 spell: Enslavement
  3036 | D:3      | Reached skill level 7 in Hexes
  3177 | D:3      | Found a glowing silver altar of Zin.
  3550 | D:3      | Reached XP level 6. HP: 41/41 MP: 7/10
  3830 | D:3      | Noticed a gnoll sergeant
  3981 | D:3      | HP: 2/41 [gnoll/flail (5)]
  3982 | D:3      | Mangled by a gnoll

Action                   |  1- 3 |  4- 6 || total
-------------------------+-------+-------++-------
Melee: Dagger            |   133 |   144 ||   277
 Cast: Corona            |     5 |     3 ||     8
       Ensorcelled Hiber |     5 |    44 ||    49
       Enslavement       |       |     1 ||     1
Evoke: Wand              |       |     2 ||     2
  Use: Potion            |       |     7 ||     7
       Scroll            |       |     3 ||     3
 Stab: Sleeping          |    13 |    30 ||    43
